cohdb
Replays
Latest Replays
All Replays
Popular Replays
Top Player Replays
Match Explorer
How It Works
Community
CoH3 Stats
Reddit
Sign in to upload your games and track your stats! →
Sign in with Steam
Match 42341087
Unlisted
Match 42341087
Overview
Messages
Build Orders
End
Royal Engineer Section
Construct Section Command Post
Selects Canadian Shock Battlegroup
Dingo Light Scout Car
Infantry Section
Infantry Section
Construct Field Infirmary
Selects Attacking Spirit
Infantry Section
Selects Canadian Shock Section
Construct Platoon Command Post
Canadian Shock Section
Humber Armored Car
Selects Incendiary Munitions
Selects Pyrotechnics
6-pounder Anti-tank Gun Team
ML 3-inch Mortar Team
Vickers Machine Gun Team
Selects Churchill Crocodile Heavy Tank
Churchill Crocodile Heavy Tank
6-pounder Anti-tank Gun Team
Selects Smoke Operation
Royal Engineer Section
Smoke Operation
Canadian Shock Section
Smoke Operation
Serbik
Grand.G
0
0
Comments
sign in to comment!
No comments posted yet!